 Dungeon Crawl Stone Soup version 0.27-a0-1200-g94dc6ad4cf (webtiles) character file.

Game seed: 17552523073005757525

35 MacCMillion the Chopper (level 3, -3/33 HPs)
             Began as a Minotaur Berserker on May 31, 2021.
             Was a Believer of Trog.
             Slain by an orc
             ... wielding a +0 short sword
              (5 damage)
             ... on level 2 of the Dungeon.
             The game lasted 00:03:17 (1555 turns).

MacCMillion the Chopper (Minotaur Berserker)        Turns: 1555, Time: 00:03:18

Health: -3/33      AC:  6    Str: 22    XL:     3   Next: 16%
Magic:  2/2        EV: 10    Int:  4    God:    Trog [**....]
Gold:   2          SH:  0    Dex:  9    Spells: 2/2 levels left

rFire    . . .     SeeInvis .   a - +0 hand axe
rCold    . . .     Faith    .   (no shield)
rNeg     . . .     Spirit   .   f - +0 scale mail
rPois    .         Reflect  .   (helmet restricted)
rElec    .         Harm     .   (no cloak)
rCorr    .         Rampage  .   (no gloves)
Will     .....                  (no boots)
Stlth    ..........             (no amulet)
HPRegen  0.11/turn              (no ring)
MPRegen  0.08/turn              (no ring)

@: confused
A: horns 2, retaliatory headbutt
a: Renounce Religion, Berserk, Trog's Hand


You were on level 2 of the Dungeon.
You worshipped Trog.
Trog was pleased with you.
You visited 1 branch of the dungeon, and saw 2 of its levels.

You collected 2 gold pieces.

Inventory:

Hand Weapons
 a - a +0 hand axe (weapon)
Missiles
 c - 94 stones
Armour
 b - a +0 animal skin
 f - a +0 scale mail (worn)
Scrolls
 e - 2 scrolls of identify {unknown}
 h - a scroll of teleportation {unknown}
 i - a scroll of blinking {unknown}
Potions
 d - a potion of brilliance {unknown}
 g - a potion of ambrosia {unknown}
 j - a potion of heal wounds {unknown}


   Skills:
 + Level 4.2 Fighting
 * Level 4.3 Axes
 + Level 2.8 Armour
 + Level 2.5 Dodging


You had 2 spell levels left.
You didn't know any spells.
Your spell library was empty.

Dungeon Overview and Level Annotations

Branches:
Dungeon (2/15)

Altars:

Annotations:
D:2 Natasha, Sigmund


Innate Abilities, Weirdness & Mutations

You have a pair of horns on your head.
You reflexively headbutt those who attack you in melee.


Message History

The bat hits you but does no damage. The orc wizard casts a spell at you.
You resist with significant effort. The goblin closely misses you.
The orc wizard hits you but does no damage.
In your confused state, you trip and fall back down the stairs.
You feel less confused. The bat hits you but does no damage.
The orc wizard points at you and mumbles some strange words.
You are confused.
The orc completely misses you. The goblin hits you but does no damage.
The bat hits you but does no damage.
The orc wizard hits you but does no damage.
The bat hits you but does no damage. The rat closely misses you.
The orc wizard hits you but does no damage.
The orc hits you but does no damage. The goblin misses you.
The orc wizard casts a spell at you.
You are more confused.
The orc completely misses you.
In your confused state, you trip and fall back down the stairs.
The bat hits you but does no damage. x2; The rat barely misses you.
The orc wizard casts a spell at itself.
The orc wizard flickers and vanishes!
Deactivating autopickup; reactivate with Ctrl-A.
The orc closely misses you. The goblin barely misses you.
The orc hits you but does no damage. The orc wizard completely misses you.
The bat hits you but does no damage. The rat misses you. Something hits you.
The orc closely misses you. The goblin misses you.
The orc wizard closely misses you. The orc hits you with a +0 short sword.
In your confused state, you trip and fall back down the stairs.
The bat hits you. The rat bites you. Something hits you but does no damage.
Sigmund laughs darkly.
Sigmund hits you from afar with a +0 scythe.
* * * LOW HITPOINT WARNING * * *
The orc hits you with a +0 mace.
* * * LOW HITPOINT WARNING * * *
The goblin barely misses you. The bat hits you but does no damage.
The orc wizard hits you with a +0 dagger.
* * * LOW HITPOINT WARNING * * *
The orc hits you with a +0 short sword.
You die...

## #.......##
...........# #
............. ..
>.###.....#...#
... .. ......#.###
....#####........#
...............
.....@{or......
....w.o@g......
......ob.##...#
.........# .
.#........
.........##
..........
..........
#.#........


You could see Sigmund, a worm, an orc wizard, 2 orcs, a goblin, a bat and a rat.

Vanquished Creatures
  A dart slug (D:1)
  A bat (D:1)
  An endoplasm (D:1)
  2 giant cockroaches (D:1)
  4 goblins
  2 hobgoblins (D:1)
  4 jackals (D:1)
  2 kobolds (D:1)
  A quokka (D:1)
  3 ball pythons (D:1)
  5 frilled lizards (D:1)
  5 rats (D:1)
31 creatures vanquished.

Vanquished Creatures (others)
  A fungus (D:1)
  11 plants (D:1)
12 creatures vanquished.

Grand Total: 43 creatures vanquished

Notes
Turn   | Place    | Note
-------+----------+-------------------------------------------
     0 | D:1      | MacCMillion the Minotaur Berserker began the quest for the
                  | Orb.
     0 | D:1      | Reached XP level 1. HP: 19/19 MP: 0/0
     0 | D:1      | Noticed a minotaur
     1 | D:1      | Noticed an elf
    11 | D:1      | Noticed a merfolk zombie
    15 | D:1      | Noticed a spriggan
   258 | D:1      | Reached XP level 2. HP: 27/27 MP: 1/1
   864 | D:1      | Found a faded altar of an unknown god.
  1043 | D:1      | Reached ** piety under Trog
  1199 | D:1      | Reached XP level 3. HP: 32/33 MP: 2/2
  1412 | D:2      | Noticed Natasha
  1547 | D:2      | Noticed Sigmund
  1555 | D:2      | Slain by an orc

Illustrated notes

Levels and vault maps discovered:
D:1:      shiori_arrival_whats_in_store_for_you, layout_loops_corners,
          shapermc_ecumenical_altar_mp_ritualfount
D:2:      layout_rooms, basic_altar, uniq_sigmund, uniq_natasha

Skill      XL: |  1  2 |
---------------+-------+-----
Fighting       | 4 |  4.2
Axes           | 4 |  4.3
Armour         | |  2.8
Dodging        | |  2.5

Action                   || total
-------------------------++-------
Melee: Hand axe          ||    60
       Headbutt          ||    12
Armor: Animal skin       ||     7
       Scale mail        ||    26
Dodge: Dodged            ||    45

Table legend: (Time is in decaauts)
 A = Elapsed time spent in this place.
 B = Non-inter-level travel time spent in this place.
 C = Inter-level travel time spent in this place.
 D = Time resting spent in this place.
 E = Time spent auto-exploring this place.
 F = Levels seen in this place.
 G = Mean time per level.
                   A        B        C        D        E       F      G
               +--------+--------+--------+--------+--------+-----+--------+
         Total |   1561 |   1481 |     80 |    140 |   1099 |   2 |  780.5 |
       Dungeon |   1561 |   1481 |     80 |    140 |   1099 |   2 |  780.5 |
               +--------+--------+--------+--------+--------+-----+--------+

Top non-repeatable levels by time:
     D:1: 1508 daAuts
     D:2: 53 daAuts
